 Dungeon Crawl Stone Soup version 0.28.0-53-g5a82cb258f (webtiles) character file.

Game seed: 4145284793623903253

2336 Plasmagod the Protected (level 9, -5/78 HPs)
             Began as a Minotaur Fighter on July 23, 2022.
             Was an Initiate of Okawaru.
             Killed from afar by a white imp (8 damage)
             ... with a puff of frost
             ... on level 6 of the Dungeon.
             The game lasted 00:10:14 (5690 turns).

Plasmagod the Protected (Minotaur Fighter)          Turns: 5690, Time: 00:10:15

Health: -5/78      AC: 18    Str: 24    XL:     9   Next: 19%
Magic:  9/9        EV: 21    Int:  5    God:    Okawaru [......]
Gold:   192        SH:  0    Dex: 11    Spells: 8/8 levels left

rFire   . . .      SeeInvis +   q - +8 short sword of Nedubik {vorpal, Fly rPois Stlth-}
rCold   . . .      Faith    .   v - +0 kite shield
rNeg    . . .      Spirit   .   p - +0 plate armour
rPois   +          Reflect  .   (helmet restricted)
rElec   .          Harm     .   (no cloak)
rCorr   .          Rampage  .   r - +2 pair of gloves
Will    .....                   c - +0 pair of boots
Stlth   ..........              u - amulet of the acrobat
HPRegen 0.23/turn               x - ring of see invisible
MPRegen 0.11/turn               (no ring)

@: confused, acrobatic, flying
A: horns 2, retaliatory headbutt
a: Renounce Religion


You were on level 6 of the Dungeon.
You worshipped Okawaru.
Okawaru was noncommittal.
You visited 2 branches of the dungeon, and saw 7 of its levels.

You collected 192 gold pieces.

Inventory:

Hand Weapons
 a - a +0 war axe of flaming
 q - the +8 short sword of Nedubik (weapon) {vorpal, Fly rPois Stlth-}
   (You found it on level 3 of the Dungeon)

   It inflicts extra damage upon your enemies.
   rPois:     It protects you from poison.
   Fly:       It grants you flight.
   Stlth:     It makes you less stealthy.
Armour
 c - a +0 pair of boots (worn)
 p - a +0 plate armour (worn)
 r - a +2 pair of gloves (worn)
 v - a +0 kite shield (worn)
Jewellery
 f - an amulet of faith
 l - a ring of protection from cold
 u - an amulet of the acrobat (around neck)
 x - a ring of see invisible (left hand)
 z - a ring of protection from fire
Wands
 b - a wand of paralysis (12)
 o - a wand of mindburst (6)
 s - a wand of flame (7)
Scrolls
 g - a scroll of identify
 h - a scroll of summoning {unknown}
 i - a scroll of immolation
 k - a scroll of noise
 y - a scroll of brand weapon
Potions
 d - 2 potions of might
 e - 2 potions of invisibility {unknown}
 j - a potion of ambrosia {unknown}
 m - 2 potions of heal wounds
 n - 5 potions of curing
 t - a potion of degeneration {unknown}
 w - 2 potions of lignification {unknown}


   Skills:
 + Level 6.5 Fighting
 + Level 5.6 Short Blades
 + Level 6.8 Axes
 + Level 8.5 Armour
 + Level 1.8 Dodging
 + Level 0.5 Stealth
 + Level 6.5 Shields
 * Level 2.3 Invocations


You had 8 spell levels left.
You didn't know any spells.
Your spell library contained the following spells:

 Spells                   Type           Power      Damage    Failure   Level
 Slow                     Hex            0%         N/A       100%        1
 Confusing Touch          Hex            0%         N/A       100%        3
 Dazzling Flash           Conj/Hex       0%         N/A       100%        3
 Vampiric Draining        Necr           0%         2d6       100%        3
 Agony                    Necr           0%         N/A       100%        5
 Silence                  Hex/Air        0%         N/A       100%        5


Dungeon Overview and Level Annotations

Branches:
Dungeon (6/15)             Temple (1/1) D:5

Altars:
Ashenzari
Cheibriados
Elyvilon
Fedhas
Gozag
Hepliaklqana
Kikubaaqudgha
Makhleb
Nemelex Xobeh
Okawaru
Qazlal
Ru
Sif Muna
Vehumet
Wu Jian
Xom
Yredelemnul
Zin

Shops:
D:1 [


Innate Abilities, Weirdness & Mutations

You have a pair of horns on your head.
You reflexively headbutt those who attack you in melee.


Message History

The orc wizard hits you but does no damage.
You feel much better.
You feel sick.
The orc warrior hits you but does no damage.
The jelly hits you but does no damage.
The white imp grinds its teeth.
The white imp hits you but does no damage.
The orc wizard closely misses you.
You miss the orc wizard. Your headbutt misses the orc wizard.
You feel sick.
The orc warrior hits you from afar with a +1 halberd of venom!
The jelly hits you but does no damage.
The white imp hits you but does no damage.
The orc wizard hits you but does no damage.
You miss the orc wizard. Your headbutt misses the orc wizard.
You feel sick.
The orc warrior hits you from afar with a +1 halberd of venom.
The jelly hits you but does no damage.
The white imp hits you but does no damage.
The orc wizard closely misses you.
You barely miss the white imp. Your headbutt misses the white imp.
You feel sick.
You are no longer poisoned.
The orc warrior hits you from afar with a +1 halberd of venom!
The jelly closely misses you. The white imp gestures at you.
The puff of frost hits you. The orc wizard casts a spell at you.
You easily resist.
You're too confused to move!
The orc warrior hits you from afar with a +1 halberd of venom.
* * * LOW HITPOINT WARNING * * *
The jelly hits you.
* * * LOW HITPOINT WARNING * * *
You are splashed with acid!
* * * LOW HITPOINT WARNING * * *
The white imp gestures at you. The puff of frost hits you!
* * * LOW HITPOINT WARNING * * *
The orc wizard hits you but does no damage.
The white imp gestures at you. The puff of frost hits you!
You die...

..## ##.................
.# #..................
##.................. .
##...................
#.###....................
....#......).............
........(................
.........................
###
...#....@................
..### #...oJ)...........
..... #....5o...........
..... #.................
.....
....................
.....
....................
####. .................
................
..............#


You could see an orc warrior, a jelly, an orc wizard (invisible) and a white
imp.

Vanquished Creatures
  Pikel (D:4)
  Grinder (D:4)
  Sigmund (D:3)
  2 water moccasins
  A sky beast (D:6)
  A necrophage (D:6)
  2 ogres
  A scorpion (D:4)
  A water moccasin skeleton (D:5)
  4 wights
  5 hounds
  An orc priest (D:6)
  A bullfrog skeleton (D:5)
  A gnoll shaman (D:5)
  Ijyb (D:3)
  Jessica (D:3)
  3 iguanas
  5 orc wizards
  A howler monkey zombie (D:5)
  7 gnolls (D:5)
  7 adders
  2 ufetubi
  14 orcs
  4 endoplasms
  4 giant cockroaches
  4 goblins
  8 hobgoblins
  4 jackals (D:2)
  11 kobolds
  4 quokkas
  6 ball pythons
  5 bats
  A frilled lizard (D:2)
  3 rats
118 creatures vanquished.

Notes
Turn   | Place    | Note
-------+----------+-------------------------------------------
     0 | D:1      | Plasmagod the Minotaur Fighter began the quest for the Orb.
     0 | D:1      | Reached XP level 1. HP: 19/19 MP: 0/0
     5 | D:1      | Found Tolo's Armour Emporium.
    18 | D:1      | Found a faded altar of an unknown god.
   211 | D:1      | Reached XP level 2. HP: 27/27 MP: 1/1
   418 | D:1      | Reached skill level 4 in Armour
   887 | D:2      | Reached XP level 3. HP: 19/33 MP: 2/2
  1955 | D:3      | Noticed Ijyb
  1965 | D:3      | Killed Ijyb
  1966 | D:3      | Reached XP level 4. HP: 22/41 MP: 3/3
  2144 | D:3      | Noticed Sigmund
  2156 | D:3      | Killed Sigmund
  2157 | D:3      | Reached skill level 5 in Armour
  2157 | D:3      | Reached XP level 5. HP: 28/47 MP: 4/4
  2169 | D:3      | Reached XP level 6. HP: 3/53 MP: 5/5
  2533 | D:3      | Reached skill level 5 in Axes
  2583 | D:3      | Identified the +8 short sword of Nedubik {vorpal, Fly rPois
                  | Stlth-}
  2776 | D:3      | Noticed Jessica
  2783 | D:3      | Killed Jessica
  2845 | D:3      | You are sucked into a shaft and drop 1 floor!
  2879 | D:4      | Reached skill level 6 in Armour
  2879 | D:4      | Reached skill level 1 in Dodging
  2879 | D:4      | Noticed Grinder
  2888 | D:4      | Paralysed by Grinder for 4 turns
  2898 | D:4      | Killed Grinder
  2899 | D:4      | Reached skill level 5 in Fighting
  2899 | D:4      | Reached XP level 7. HP: 42/61 MP: 6/6
  3014 | D:4      | Noticed Pikel
  3252 | D:4      | Found a sacrificial altar of Ru.
  3458 | D:4      | Killed Pikel
  3459 | D:4      | Reached skill level 7 in Armour
  3459 | D:4      | Reached skill level 5 in Shields
  3459 | D:4      | Reached XP level 8. HP: 38/70 MP: 7/7
  3835 | D:5      | Entered Level 5 of the Dungeon
  3868 | D:5      | Found a transporter.
  3886 | D:5      | Found a transporter.
  4368 | D:5      | Found a sparkling altar of Nemelex Xobeh.
  4370 | D:5      | Found a stormy altar of Qazlal.
  4424 | D:5      | Reached skill level 8 in Armour
  4450 | D:5      | Found a staircase to the Ecumenical Temple.
  4458 | Temple   | Entered the Ecumenical Temple
  4664 | Temple   | Became a worshipper of Warmaster Okawaru
  5161 | D:6      | Reached skill level 5 in Short Blades
  5161 | D:6      | Reached skill level 1 in Invocations
  5344 | D:6      | Reached XP level 9. HP: 76/77 MP: 9/9
  5689 | D:6      | HP: 3/78 [white imp/puff of frost (7)]
  5690 | D:6      | Killed from afar by a white imp

Illustrated notes

Levels and vault maps discovered:
D:1:      minmay_arrival_up_and_down, layout_basic, serial_shops, shop,
          ebering_ecumenical_altar_petrified, glass_columns_a
D:2:      layout_basic
D:3:      layout_basic, uniq_jessica, uniq_ijyb, uniq_sigmund
D:4:      layout_cave_pools, mainiacjoe_overflow_catwalk, uniq_grinder,
          uniq_pikel
D:5:      gammafunk_wand_slinger, layout_rooms, nicolae_overflow_squiral,
          minmay_temple_entry_overgrown, minmay_hedge_maze, roderic_lattice_a,
          minmay_misc_feat_cross
D:6:      layout_layer_cave
Temple:   regret_index_temple_generic_petals

Skill      XL: |  1  2  3  4  5  6  7  8  9 |
---------------+----------------------------+-----
Armour         | 4 5 6 7 8 |  8.5
Shields        | 4 5 6 |  6.5
Fighting       | 4 5 6 |  6.5
Axes           | 3 4 5 6 |  6.8
Dodging        | 1 |  1.8
Short Blades   | 2 5 |  5.6
Invocations    | 1 2 |  2.3
Stealth        | |  0.5

Action                   |  1- 3 |  4- 6 |  7- 9 || total
-------------------------+-------+-------+-------++-------
Melee: War axe           |    81 |    30 |       ||   111
       Headbutt          |     7 |     8 |    25 ||    40
       Short sword       |       |    20 |   169 ||   189
  Use: Scroll            |       |       |     6 ||     6
       Potion            |       |       |     1 ||     1
Armor: Scale mail        |    52 |       |       ||    52
       Plate armour      |       |    41 |   107 ||   148
Dodge: Dodged            |    39 |    14 |    55 ||   108
Block: Buckler           |    20 |    11 |     9 ||    40
       Kite shield       |       |       |    70 ||    70
